cohdb
Replays
Latest Replays
All Replays
Popular Replays
Top Player Replays
Match Explorer
How It Works
Community
CoH3 Stats
Reddit
Sign in to upload your games and track your stats! →
Sign in with Steam
Match 45638309
Unlisted
Match 45638309
Overview
Messages
Build Orders
End
Selects Italian Combined Arms Battlegroup
Selects Bersaglieri Squad
Bersaglieri Squad
250 Light Carrier
Bersaglieri Squad
Bersaglieri Squad
Construct Light Support Kompanie
Selects Bersaglieri Bolster
2.5-tonne Medical Truck
Combat Half-tracks
Panzerjäger Mechanized Group
Selects Breda Model 30 Light Machine Guns
Jason_Beebe
frostie
The.5th.InfantryDivision
Brick_man
H404.CatfishLover
eye9155
0
0
Comments
sign in to comment!
No comments posted yet!